 Dungeon Crawl Stone Soup version 0.31.0-32-g396128a36d (webtiles) character file.

Game seed: 5959651745584680927

144 Ahpoh the Slasher (level 5, -1/42 HPs)
             Began as a Demonspawn Chaos Knight on Apr 17, 2024.
             Was a Plaything of Xom.
             Succumbed to a goblin's poison
             ... on level 3 of the Dungeon.
             The game lasted 00:08:54 (1706 turns).

Ahpoh the Slasher (Demonspawn Chaos Knight)         Turns: 1706, Time: 00:08:55

Health: -1/42      AC:  6    Str: 12    XL:     5   Next: 5%
Magic:  5/5        EV: 11    Int: 13    God:    Xom [.*....]
Gold:   107        SH:  0    Dex: 14    Spells: 4/4 levels left

rFire   . . .        a - +0 falchion (chaos)
rCold   . . .        (no shield)
rNeg    . . .        b - +2 leather armour
rPois   .            i - +0 helmet
rElec   .            (no cloak)
rCorr   .            (no gloves)
SInv    .            (no boots)
Will    .....        (no amulet)
Stlth   +            (no ring)
HPRegen 1.07/turn    (no ring)
MPRegen 0.09/turn

%: no passive effects
@: lethally poisoned (-1 -> -9)
A: weakness stinger 1, regeneration 1
a: Renounce Religion


You were on level 3 of the Dungeon.
You worshipped Xom.
You were a plaything of Xom.
You visited 1 branch of the dungeon, and saw 3 of its levels.

You collected 107 gold pieces.

Inventory:

Hand Weapons
 a - a +0 falchion of chaos (weapon)
Missiles
 f - a throwing net (quivered)
Armour
 b - a +2 leather armour (worn)
 i - a +0 helmet (worn)
Jewellery
 g - a ring of poison resistance
 j - a ring of fire
Scrolls
 c - a scroll of butterflies
 e - 2 scrolls of identify
 h - 2 scrolls of silence
 k - a scroll of vulnerability {unknown}
Potions
 d - 2 potions of degeneration


   Skills:
 * Level 4.0 Fighting
 * Level 4.0 Long Blades
 * Level 2.2 Armour
 * Level 1.7 Dodging
 + Level 0.5 Stealth


You had 4 spell levels left.
You didn't know any spells.
Your spell library contained the following spells:

 Spells                   Type           Power      Damage    Failure   Level
 Ensorcelled Hibernation  Hex/Ice        0%         N/A       52%         2
 Passwall                 Erth           0%         N/A       75%         3
 Swiftness                Air            0%         N/A       75%         3


Dungeon Overview and Level Annotations

Branches:
Dungeon (3/15)

Altars:


Innate Abilities, Weirdness & Mutations

You have a small tail.
Your natural rate of healing is unusually fast.


Message History

You feel sick. The goblin barely misses you.
The goblin hits you but does no damage.
You are more poisoned.
You slash the goblin!
You kill the goblin!
You feel very sick. The goblin hits you but does no damage.
You are more poisoned.
You feel very sick.
The goblin hits you with a +2 dagger of venom.
Found a book of Burglary.
You feel very sick.
You see here a potion of degeneration.
d - 2 potions of degeneration (gained 1)
You feel very sick. The goblin barely misses you.
You feel sick.
You feel sick. The goblin hits you but does no damage.
You are more poisoned.
You feel very sick. The goblin attacks as it pursues you!
The goblin hits you with a +2 dagger of venom.
You are more poisoned.
You see here a book of Burglary.
You pick up a book of Burglary and begin reading...
You add the spells Ensorcelled Hibernation, Swiftness and Passwall to your library.
* * * LOW HITPOINT WARNING * * *
You feel very sick. The goblin hits you but does no damage.
You are lethally poisoned!
Okay, then.
Okay, then.
* * * LOW HITPOINT WARNING * * *
You feel very sick.
* * * LOW HITPOINT WARNING * * *
You feel very sick.
You slash the goblin!
You kill the goblin!
You die...
Xom snickers!

#.# #.# #<#.. #######.#
#.##### #..# # ##
........####.....####.##.##.#
#.......)...........#.#.#
#..#.#######......†....#
#..#.# #..#####.#.## #..#.#
#..#...#...# #..#.#
#.#)..#....#
####..#.#######.@#...#)..#
#.#.#............#####...#
.....##........... ..###
'##.###.##########. ###
..#..†#.# ## ..+.#...#
..#...### +##.### .....


There were no monsters in sight!

Vanquished Creatures
  A bombardier beetle (D:3)
  2 adders
  3 dart slugs
  A ribbon worm (D:2)
  6 endoplasms
  3 giant cockroaches
  14 goblins
  6 hobgoblins
  10 jackals
  5 quokkas
  5 ball pythons
  5 bats
  3 frilled lizards
  5 kobolds
  2 rats
71 creatures vanquished.

Vanquished Creatures (others)
  A dart slug (D:2)
1 creature vanquished.

Grand Total: 72 creatures vanquished

Notes
Turn   | Place    | Note
-------+----------+-------------------------------------------
     0 | D:1      | Ahpoh the Demonspawn Chaos Knight began the quest for the
                  | Orb.
     0 | D:1      | Reached XP level 1. HP: 18/18 MP: 1/1
   160 | D:1      | XOM: silly message
   205 | D:1      | Gained mutation: You have a small tail. [demonic ancestry]
   205 | D:1      | Reached XP level 2. HP: 24/24 MP: 2/2
   313 | D:1      | Reached skill level 1 in Dodging
   392 | D:1      | XOM: silly message
   573 | D:1      | Reached XP level 3. HP: 29/29 MP: 3/3
   589 | D:1      | XOM: silly message
   648 | D:2      | Found a faded altar of an unknown god.
  1185 | D:2      | Reached XP level 4. HP: 37/37 MP: 4/4
  1296 | D:2      | XOM: give mutation
  1296 | D:2      | Gained mutation: Your natural rate of healing is unusually
                  | fast. [Xom's mischief]
  1672 | D:3      | Reached XP level 5. HP: 39/42 MP: 5/5
  1705 | D:3      | HP: 2/42 [poisoned by a goblin]
  1706 | D:3      | Succumbed to a goblin's poison

Illustrated notes

Levels and vault maps discovered:
D:1:      spicycebolla_green_bress_n_ham, layout_basic
D:2:      minmay_angry_zag, layout_basic, basic_ecumenical_altar
D:3:      layout_loops_ring, serial_shops, nicolae_shop_tiny_statue_garden,
          minmay_misc_feat_doors, minmay_distorted

Skill      XL: |  1  2  3  4 |
---------------+-------------+-----
Dodging        | 1 |  1.7
Long Blades    | 3 4 |  4.0
Armour         | 2 |  2.2
Fighting       | 4 |  4.0
Stealth        | |  0.5

Action                     |  1- 3 |  4- 6 || total
---------------------------+-------+-------++-------
  Melee: Falchion          |   136 |    71 ||   207
         Tailslap          |    14 |     7 ||    21
         Punch             |     1 |     1 ||     2
    Use: Scroll            |     5 |       ||     5
         Potion            |     2 |     2 ||     4
   Stab: Sleeping          |     1 |     2 ||     3
         Paralysed         |     1 |     1 ||     2
 Armour: Leather armour    |   101 |    41 ||   142
  Dodge: Dodged            |   116 |    38 ||   154
